 Dungeon Crawl Stone Soup version 0.25-a0-42-g6c54e25894 (webtiles) character file.

Game seed: 1639354162891667735, levelgen mode: deterministic

600655 Arixos the Archmage (level 26, -1/161 (164) HPs)
             Began as a Deep Elf Fire Elementalist on Oct 21, 2019.
             Was the Champion of Vehumet.
             Killed by a mummy priest's death curse (19 damage)
             ... on level 2 of the Tomb of the Ancients on Oct 22, 2019.
             The game lasted 13:06:55 (77695 turns).

Arixos the Archmage (Deep Elf Fire Elementalist)   Turns: 77695, Time: 13:06:55

HP:   -1/161 (164)  AC: 22    Str:  6 (10) XL:     26   Next: 47%
MP:   29/56         EV: 24    Int: 38 (42) God:    Vehumet [******]
Gold: 3746          SH:  6    Dex: 12      Spells: 2/79 levels left

rFire    + + .     SeeInvis +   J - staff of fire
rCold    + . .     Gourm    .   V - +1 buckler {rC+}
rNeg     + + +     Faith    .   G - +3 acid dragon scales
rPois    +         Spirit   .   S - +1 helmet of Honour {rF+ Int+2 Stlth+}
rElec    .         Reflect  .   a - +4 cloak of the Ninety-Nine Orbs {rPois rN+ Int+3}
rCorr    +         Harm     .   Q - +2 pair of gloves of the Gate {Int+4}
MR       +++..                  y - +2 pair of boots {Fly}
Stlth    ++........             r - amulet of magic regeneration
HPRegen  0.00/turn              H - ring of Zivos {rN+++ MR+ Int-2 Dex-3 SInv}
MPRegen  0.60/turn              L - ring "Qupsiucaurgh" {Wiz Str+5 Int+2 Stlth-}

@: flying, non-regenerating, badly diseased
A: no striking features
}: 3/15 runes: decaying, silver, gossamer
a: Renounce Religion, Stop Flying


You were on level 2 of the Tomb of the Ancients.
You worshipped Vehumet.
Vehumet was exalted by your worship.
You were not hungry.

You visited 12 branches of the dungeon, and saw 51 of its levels.
You also visited: Sewer and Ice Cave.

You collected 7795 gold pieces.
You spent 4049 gold pieces at shops.

Inventory:

Armour
 a - the +4 cloak of the Ninety-Nine Orbs (worn) {rPois rN+ Int+3}
   (You found it in an ice cave)

   It affects your intelligence (+3).
   It protects you from poison.
   It protects you from negative energy.
 y - a +2 pair of boots of flying (worn)
 G - +3 acid dragon scales (worn)
 Q - the +2 pair of gloves of the Gate (worn) {Int+4}
   (You acquired it on level 3 of the Vaults)

   It affects your intelligence (+4).
 S - the +1 helmet of Honour (worn) {rF+ Int+2 Stlth+}
   (You found it on level 3 of the Elven Halls)

   It affects your intelligence (+2).
   It protects you from fire.
   It makes you more stealthy.
 V - a +1 buckler of cold resistance (worn)
Magical Staves
 J - an uncursed staff of fire (weapon)
Jewellery
 r - an amulet of magic regeneration (around neck)
 A - the ring of Xom's Malicious Joy {rPois rC+ Dex+4}
   (You found it on level 3 of the Elven Halls)

   [ring of protection from cold]

   It affects your dexterity (+4).
   It protects you from cold.
   It protects you from poison.
 H - the ring of Zivos (left hand) {rN+++ MR+ Int-2 Dex-3 SInv}
   (You found it on level 3 of the Elven Halls)

   [ring of see invisible]

   It affects your intelligence (-2).
   It affects your dexterity (-3).
   It renders you almost immune to negative energy.
   It affects your resistance to hostile enchantments.
   It lets you see invisible.
 L - the ring "Qupsiucaurgh" (right hand) {Wiz Str+5 Int+2 Stlth-}
   (You found it on level 8 of the Dungeon)

   [ring of wizardry]

   It improves your spell success rate.
   It affects your strength (+5).
   It affects your intelligence (+2).
   It makes you less stealthy.
Wands
 o - a wand of digging (10)
 p - a wand of acid (33)
 t - a wand of paralysis (12)
 u - a wand of disintegration (57)
 z - a wand of flame (74)
 F - a wand of iceblast (34)
 P - a wand of polymorph (28)
 T - a wand of enslavement (28)
Scrolls
 g - a scroll of silence
 h - 2 scrolls of enchant weapon
 j - 26 scrolls of remove curse
 n - 29 scrolls of teleportation
 s - 6 scrolls of blinking
 x - a scroll of fear
 C - a scroll of fog
 I - a scroll of identify
 K - 9 scrolls of amnesia
 N - a scroll of summoning
 O - 14 scrolls of magic mapping
Potions
 b - 8 potions of haste
 d - 11 potions of brilliance
 f - 3 potions of resistance
 i - 8 potions of might
 k - 19 potions of curing
 l - 6 potions of lignification
 m - 3 potions of invisibility
 D - 4 potions of agility
 E - a potion of mutation
 R - 4 potions of cancellation
 Y - 6 potions of ambrosia
Miscellaneous
 e - a phial of floods
 v - a crystal ball of energy
 w - a phantom mirror
 B - a fan of gales
 W - 2 sacks of spiders
 X - a lightning rod (4/4)
Comestibles
 c - 68 rations


   Skills:
 + Level 16.6 Fighting
 O Level 27 Dodging
 - Level 2.4 Stealth
 - Level 4.0 Shields
 O Level 27 Spellcasting
 - Level 20.0 Conjurations
 - Level 4.0 Hexes
 - Level 4.0 Summonings
 - Level 4.1 Necromancy
 - Level 4.0 Translocations
 - Level 4.0 Transmutations
 - Level 20.0 Fire Magic
 - Level 4.0 Ice Magic
 - Level 4.0 Air Magic
 - Level 4.0 Earth Magic
 - Level 4.0 Poison Magic
 - Level 10.0 Evocations


You had 2 spell levels left.
You knew the following spells:

 Your Spells              Type           Power        Failure   Level  Hunger
a - Iron Shot             Conj/Erth      #######...   1%          6    None
b - Borgnjor's Vile Clut  Necr/Erth      ######....   1%          5    None
c - Mephitic Cloud        Conj/Pois/Air  #######.     1%          3    None
d - Orb of Destruction    Conj           ########..   1%          7    None
e - Passage of Golubria   Tloc           N/A          1%          4    None
f - Conjure Flame         Conj/Fire      ########     0%          3    None
i - Ignite Poison         Fire/Tmut/Pois ########     1%          3    None
p - Fulminant Prism       Conj/Hex       #######...   1%          4    None
q - Inner Flame           Hex/Fire       ########     0%          3    None
s - Sticky Flame          Conj/Fire      ########     0%          4    None
A - Spellforged Servitor  Conj/Summ      #######...   1%          7    None
C - Freezing Cloud        Conj/Ice/Air   #######...   1%          6    None
F - Fireball              Conj/Fire      ########..   0%          5    None
I - Ignition              Fire           ########..   1%          8    None
S - Fire Storm            Conj/Fire      ########..   2%          9    None

Your spell library contained the following spells:

 Spells                   Type           Power        Failure   Level  Hunger
 Chain Lightning          Conj/Air       #######...   4%          8    None
 Shatter                  Erth           ######....   100%        9    None
 Flame Tongue             Conj/Fire      #####        0%          1    None
 Magic Dart               Conj           ####         0%          1    None
 Shock                    Conj/Air       ####         0%          1    None
 Sting                    Conj/Pois      ####         0%          1    None
 Searing Ray              Conj           ######       0%          2    None
 Throw Flame              Conj/Fire      ######       0%          2    None
 Throw Frost              Conj/Ice       ######       0%          2    None
 Animate Skeleton         Necr           N/A          1%          1    None
 Apportation              Tloc           ######       1%          1    None
 Beastly Appendage        Tmut           ######       1%          1    None
 Confusing Touch          Hex            ######       1%          1    None
 Corona                   Hex            ######.      1%          1    None
 Freeze                   Ice            ####         1%          1    None
 Summon Small Mammal      Summ           ####         1%          1    None
 Blink                    Tloc           N/A          1%          2    None
 Call Imp                 Summ           ######..     1%          2    None
 Corpse Rot               Necr           N/A          1%          2    None
 Ensorcelled Hibernation  Hex/Ice        ######       1%          2    None
 Passwall                 Tmut/Erth      ######..     1%          2    None
 Poisonous Vapours        Pois/Air       ######       1%          2    None
 Shroud of Golubria       Chrm/Tloc      ######       1%          2    None
 Slow                     Hex            ######..     1%          2    None
 Sticks to Snakes         Tmut           ######..     1%          2    None
 Swiftness                Chrm/Air       ######..     1%          2    None
 Dazzling Spray           Conj/Hex       ######       0%          3    None
 Static Discharge         Conj/Air       #######.     0%          3    None
 Stone Arrow              Conj/Erth      ######       0%          3    None
 Iskenderun's Mystic Bla  Conj           ########     0%          4    None
 Confuse                  Hex            ######..     1%          3    None
 Gell's Gravitas          Tloc           ######....   1%          3    None
 Lesser Beckoning         Tloc           ######....   1%          3    None
 Ozocubu's Armour         Chrm/Ice       ######..     1%          3    None
 Portal Projectile        Hex/Tloc       ######       1%          3    None
 Recall                   Summ/Tloc      N/A          1%          3    None
 Regeneration             Chrm/Necr      ######....   1%          3    None
 Spider Form              Tmut/Pois      ######....   1%          3    None
 Teleport Other           Tloc           ######..     1%          3    None
 Tukima's Dance           Hex            ######..     1%          3    None
 Airstrike                Air            ######....   1%          4    None
 Animate Dead             Necr           N/A          1%          4    None
 Cause Fear               Hex            ######....   1%          4    None
 Force Lance              Conj/Tloc      #######.     1%          4    None
 Ice Form                 Ice/Tmut       ######..     1%          4    None
 Leda's Liquefaction      Hex/Erth       ######....   1%          4    None
 Olgreb's Toxic Radiance  Pois           ######..     1%          4    None
 Petrify                  Tmut/Erth      ######..     1%          4    None
 Summon Ice Beast         Ice/Summ       ######..     1%          4    None
 Summon Lightning Spire   Summ/Air       ######..     1%          4    None
 Throw Icicle             Conj/Ice       #######.     1%          4    None
 Agony                    Necr           ######..     1%          5    None
 Blade Hands              Tmut           ######....   1%          5    None
 Bolt of Draining         Conj/Necr      #######...   1%          5    None
 Bolt of Magma            Conj/Fire/Erth ########..   1%          5    None
 Dispel Undead            Necr           ######..     1%          5    None
 Iskenderun's Battlesphe  Conj/Chrm      #######.     1%          5    None
 Lee's Rapid Deconstruct  Erth           ######....   1%          5    None
 Lightning Bolt           Conj/Air       #######...   1%          5    None
 Metabolic Englaciation   Hex/Ice        ######....   1%          5    None
 Silence                  Hex/Air        ######....   1%          5    None
 Summon Forest            Summ/Tloc      ######....   1%          5    None
 Venom Bolt               Conj/Pois      #######...   1%          5    None
 Yara's Violent Unravell  Hex/Tmut       ######....   1%          5    None
 Bolt of Cold             Conj/Ice       #######...   1%          6    None
 Bolt of Fire             Conj/Fire      ########..   1%          6    None
 Conjure Ball Lightning   Conj/Air       #######...   1%          6    None
 Ozocubu's Refrigeration  Ice            ######....   2%          6    None
 Excruciating Wounds      Chrm/Necr      ######....   3%          5    None
 Ring of Flames           Chrm/Fire      ########..   4%          7    None
 Darkness                 Hex            ######....   9%          6    None
 Death Channel            Necr           ######....   9%          6    None
 Hydra Form               Tmut           ######....   9%          6    None
 Invisibility             Hex            ######..     9%          6    None
 Simulacrum               Ice/Necr       ######....   9%          6    None
 Deflect Missiles         Chrm/Air       ######....   19%         6    None
 Dragon Form              Tmut           ######....   41%         7    None
 Haunt                    Necr/Summ      ######....   41%         7    None
 Summon Hydra             Summ           ######....   41%         7    None
 Borgnjor's Revivificati  Necr           ######....   96%         8    None
 Discord                  Hex            ######....   96%         8    None
 Infestation              Necr           ######....   96%         8    None
 Necromutation            Tmut/Necr      ######....   96%         8    None
 Death's Door             Chrm/Necr      ######....   100%        8    None
 Dragon's Call            Summ           ######....   100%        9    None
 Tornado                  Air            ######....   100%        9    None


Dungeon Overview and Level Annotations

Branches:
Dungeon (15/15)            Temple (1/1) D:7            Lair (6/6) D:10
  Swamp (4/4) Lair:4       Spider (4/4) Lair:4        Slime (1/5) Lair:6
    Orc (2/2) D:12            Elf (3/3) Orc:2        Vaults (5/5) D:13
  Crypt (3/3) Vaults:3       Tomb (2/3) Crypt:3      Depths (5/5) D:15
    Zot (0/5) Depths:5      Sewer (visited)           IceCv (visited)

Altars:
Ashenzari
Cheibriados
Dithmenos
Elyvilon
Fedhas
Gozag
Hepliaklqana
Kikubaaqudgha
Makhleb
Nemelex Xobeh
Okawaru
Qazlal
Ru
Sif Muna
Trog
Uskayaw
Vehumet
Wu Jian
Xom
Yredelemnul
Zin
The Shining One
Beogh
Jiyva

Shops:
D:8 *   D:10 ??:*   D:13 }   D:15 %!(   Orc:1 =   Orc:2 !=}[[   Elf:1 [
Elf:2 *   Vaults:1 }   Vaults:2 }   Vaults:3 *(?}(

Portals:
Hell: Depths:1 Depths:2 Depths:3 Depths:4 Depths:5
Abyss: Depths:4
Pandemonium: Depths:2 Depths:3
Ziggurat: Depths:3

Annotations:
Depths:3 exclusions: downstairs and 1 more exclusion


Message History

Casting: Fireball (safe; 0% risk of failure)
Confirm with . or Enter, or press ? or * to list all spells.
Aiming: Fireball (safe; 0% risk of failure)
Press: ? - help, Shift-Dir - straight line You feel a surge of power!
The fireball explodes!
The fireball engulfs the mummy priest!!
The mummy priest is heavily damaged.
Casting: Fireball (safe; 0% risk of failure)
Confirm with . or Enter, or press ? or * to list all spells.
Aiming: Fireball (safe; 0% risk of failure)
Press: ? - help, Shift-Dir - straight line, f - mummy priest
Aim: a mummy priest (heavily damaged)
You feel a surge of power!
The fireball explodes!
The fireball engulfs the mummy priest!!!
You destroy the mummy priest!
Vehumet accepts your kill.
You feel your power returning.
You feel extremely nervous for a moment...
You convulse helplessly as pain tears through your body!
You die...

.^ ###'##############
........@........
................
##.........?........
#.........[........
#......%...........
#..................
......................
......................
.......#(..........#..


There were no monsters in sight!

Vanquished Creatures
  Khufu (Crypt:2)
  Mara (Depths:2)
  3 ancient liches
  6 greater mummies
  Frederick (Vaults:4)
  Xtahua (Crypt:2)
  A caustic shrike (Depths:4)
  A profane servitor (Crypt:3)
  4 golden dragons
  A bone dragon (Crypt:3)
  5 tentacled monstrosities
  2 deep elf blademasters (Elf:3)
  A shard shrike skeleton (Crypt:1)
  2 quicksilver dragons
  5 liches
  5 titans
  6 ancient champions (Crypt:3)
  3 deep elf master archers (Elf:3)
  11 sphinxes
  6 shadow dragons
  The ghost of Azxain the Grappler, an adept TrWr of Wu Jian (Spider:4)
  Kirke (Elf:1)
  Donald (Crypt:2)
  2 thorn hunters (Swamp:4)
  4 storm dragons
  13 tengu reavers
  4 revenants
  7 frost giants
  13 fire giants
  11 deep elf sorcerers
  An iron dragon (Depths:4)
  7 emperor scorpions
  Louise (D:14)
  9 vault wardens
  A curse skull (Crypt:1)
  A juggernaut zombie (Crypt:3)
  2 deep elf elementalists
  2 ghost moths (Spider:4)
  2 orc warlords
  5 ghouls
  13 ironheart preservers
  A caustic shrike zombie (Crypt:3)
  A war gargoyle (Vaults:2)
  5 vampire knights
  2 spriggan defenders (Depths:4)
  7 very ugly things
  A draconian annihilator (Depths:5)
  26 stone giants
  2 deep elf demonologists
  A black draconian (Depths:5)
  6 entropy weavers
  A white draconian (Depths:5)
  A green draconian (Depths:5)
  3 purple draconians (Depths:5)
  The ghost of dorpapst the Spear-Bearer, a journeyman MiBe of Trog (Orc:2)
  7 spark wasps
  4 dire elephants (Lair:6)
  10 deep elf annihilators
  12 deep elf death magi
  2 eidola
  Snorg (Lair:4)
  9 ettins
  A quicksilver dragon zombie (Crypt:1)
  2 blizzard demons
  15 mummy priests
  8 jiangshi
  19 yaktaur captains
  8 fire dragons
  6 deep elf high priests (Elf:3)
  5 great orbs of eyes
  25 hydras
  9 ice dragons
  Fannar (Lair:1)
  30 vault guards
  5 rakshasas
  3 spriggan air magi
  A quicksilver dragon skeleton (Crypt:1)
  3 catoblepae
  12 alligators
  3 ghost crabs
  2 death knights
  11 centaur warriors
  An anaconda (Lair:6)
  7 deep troll earth magi
  50 two-headed ogres
  11 tengu warriors
  10 deep troll shamans
  21 death yaks
  15 ogre magi
  Urug (Orc:1)
  13 vampire magi
  3 sun demons (Depths:1)
  21 dancing weapons
  3 spriggan berserkers
  Nergalle (D:11)
  2 small abominations (Elf:3)
  6 orc high priests
  4 soul eaters
  A titan zombie (Crypt:3)
  Sonja (Orc:2)
  16 deep elf knights
  31 skeletal warriors
  5 hell knights (Depths:5)
  A titan skeleton (Crypt:3)
  9 shadow wraiths
  A fire crab (shapeshifter) (D:13)
  3 spriggan druids
  A sixfirhy (Depths:3)
  An unseen horror (shapeshifter) (Depths:2)
  5 unseen horrors
  2 wizards
  2 glowing orange brains
  3 flayed ghosts
  An anaconda zombie (Crypt:3)
  19 deep elf archers
  6 necromancers
  8 swamp dragons
  4 phantasmal warriors
  An infernal demonspawn (Depths:3)
  An obsidian statue (Depths:1)
  A sphinx zombie (Crypt:1)
  17 deep trolls
  A harpy (shapeshifter) (Vaults:4)
  9 ironbrand convokers
  A tengu zombie (Depths:2)
  An anaconda skeleton (Crypt:1)
  3 harpies (Vaults:3)
  2 wolf spider zombies
  10 orb spiders
  24 wolf spiders
  35 orc knights
  57 deep elf magi
  6 orc sorcerers (Orc:2)
  40 ugly things
  9 cyclopes
  A fire giant zombie (Crypt:1)
  A cyclops (shapeshifter) (Vaults:4)
  2 manticores
  A stone giant zombie (Crypt:1)
  An iron dragon skeleton (Tomb:1)
  4 moths of wrath
  7 elephants
  An elephant (shapeshifter) (Depths:4)
  4 black mambas
  4 rust devils
  16 vault sentinels
  A stone giant skeleton (Crypt:3)
  An eye of devastation (shapeshifter) (Vaults:5)
  2 orange demons (Depths:1)
  2 torpor snails
  A gargoyle (D:13)
  3 ice statues (IceCv)
  4 spectral swamp worms (Depths:2)
  A yaktaur zombie (Depths:1)
  15 spiny frogs
  7 komodo dragons
  A swamp worm zombie (Crypt:3)
  A redback zombie (Crypt:3)
  A sea snake zombie (Crypt:1)
  2 rime drakes
  7 freezing wraiths
  10 demonic crawlers
  A red devil (Depths:1)
  55 yaktaurs
  2 yaktaurs (shapeshifter)
  A hydra zombie (Tomb:1)
  6 tengu conjurers
  24 guardian mummies
  12 ice devils
  27 jumping spiders
  10 trolls
  A death drake zombie (Crypt:1)
  A purple draconian skeleton (Crypt:1)
  3 polar bears
  A hydra skeleton (Crypt:1)
  A red draconian skeleton (Crypt:1)
  27 hornets
  37 slime creatures
  7 tyrant leeches
  A moth of wrath zombie (Crypt:1)
  14 bog bodies
  A raiju (shapeshifter) (D:15)
  11 blink frogs
  A fire giant simulacrum (Crypt:1)
  2 ice dragon zombies (Crypt:1)
  30 flying skulls
  14 hippogriffs
  63 redbacks
  3 spriggans (shapeshifter)
  2 wyverns
  A yak (shapeshifter) (Vaults:5)
  3 air elementals
  4 shadows
  33 tarantellas
  2 tarantellas (shapeshifter)
  An ettin skeleton (Crypt:1)
  16 spriggans
  4 water elementals
  A wyvern (shapeshifter) (Vaults:5)
  An orc simulacrum (Vaults:1)
  A spriggan skeleton (Depths:2)
  4 hogs (Elf:1)
  6 wraiths
  An elf simulacrum (Depths:1)
  2 fire elementals (Elf:1)
  A hog (shapeshifter) (Vaults:3)
  49 yaks
  15 ushabtiu
  12 vampire mosquitoes
  4 basilisks
  A hungry ghost (D:8)
  22 humans (D:13)
  A chaos spawn (Depths:3)
  9 wargs
  2 yaktaur simulacra
  A torturous demonspawn zombie (Crypt:1)
  2 acid dragons (Vaults:2)
  2 merfolk zombies
  13 swamp worms
  16 water moccasins
  A floating eye (shapeshifter) (Vaults:5)
  3 porcupines
  A floating eye (Depths:4)
  16 swamp drakes
  A water nymph skeleton (Crypt:2)
  2 black bears
  4 phantoms
  5 ice beasts
  A snapping turtle zombie (Tomb:1)
  A black bear (shapeshifter) (Vaults:1)
  7 sky beasts
  An eye of draining (D:14)
  A hornet zombie (D:9)
  52 orc warriors
  10 necrophages
  38 ogres
  11 centaurs
  11 wolves
  16 boggarts
  12 crocodiles
  2 blink frog skeletons
  4 big kobolds
  An octopode zombie (Crypt:2)
  A big kobold (shapeshifter) (Vaults:4)
  A rime drake skeleton (Crypt:3)
  10 bullfrogs
  A wyvern zombie (D:14)
  A scorpion (Lair:4)
  9 wights (D:11)
  4 killer bees (D:13)
  A warg skeleton (Crypt:2)
  6 electric eels
  2 howler monkeys (D:9)
  7 crimson imps
  3 draconian simulacra (IceCv)
  10 hounds
  5 centaur skeletons
  3 jellies
  3 bullfrog skeletons
  21 orc priests
  2 iron imps
  27 orc wizards
  9 iguanas
  A basilisk skeleton (Crypt:2)
  A demonspawn skeleton (Crypt:3)
  14 worker ants
  Terence (D:2)
  3 spriggan simulacra
  3 troll simulacra (IceCv)
  A naga zombie (Crypt:1)
  A centaur simulacrum (IceCv)
  3 hound zombies
  26 mummies
  A gnoll (D:4)
  A howler monkey skeleton (D:5)
  12 adders
  A naga simulacrum (IceCv)
  A swamp drake skeleton (Crypt:3)
  3 shadow imps
  A steam dragon skeleton (Crypt:1)
  4 white imps (Depths:1)
  2 oozes
  A lava snake zombie (Crypt:3)
  An adder zombie (Crypt:3)
  6 worms
  6 dart slugs
  9 leopard geckos
  104 orcs
  2 ball pythons (Sewer)
  6 bats
  16 giant cockroaches
  9 goblins
  7 hobgoblins
  7 jackals
  30 kobolds
  5 quokkas
  5 frilled lizards
  A kobold skeleton (Crypt:2)
  A leopard gecko skeleton (D:5)
  An orc zombie (Crypt:2)
  2 quokka skeletons
  7 rats
  3 crawling corpses (Elf:3)
  2 fire vortices
  2 fulminant prisms
  4 fungi (Lair:6)
  5 plants
2284 creatures vanquished.

Vanquished Creatures (collateral kills)
  A greater mummy (Tomb:1)
  A golden dragon (Depths:5)
  A sphinx (Depths:5)
  A storm dragon (Depths:5)
  A frost giant (Depths:4)
  A draconian annihilator (Depths:5)
  A war gargoyle (Vaults:5)
  A red draconian (Depths:5)
  An ettin (Depths:5)
  A fire dragon (Depths:4)
  A yaktaur captain (Vaults:4)
  An iron troll (Depths:4)
  A skeletal warrior (Crypt:1)
  A glowing orange brain (Depths:5)
  A storm dragon skeleton (Crypt:3)
  A deep troll (Depths:4)
  A fire giant zombie (Crypt:3)
  A deep elf mage (Elf:3)
  A guardian mummy (Tomb:2)
  An ice dragon zombie (Tomb:1)
  A flying skull (Tomb:2)
  An ettin skeleton (Crypt:2)
  A hog skeleton (Crypt:2)
  A crawling corpse (Elf:3)
24 creatures vanquished.

Vanquished Creatures (others)
  A greater mummy (Tomb:2)
  A tentacled monstrosity (Vaults:4)
  A dancing weapon (Elf:2)
  A spectral swamp worm (Depths:2)
  An orc priest (Orc:2)
  A quokka (D:4)
  A bush (Depths:2)
  114 fire vortices
  235 fulminant prisms
  15 fungi
  24 plants
395 creatures vanquished.

Grand Total: 2703 creatures vanquished

Notes
Turn   | Place    | Note
-------+----------+-------------------------------------------
     0 | D:1      | Arixos the Deep Elf Fire Elementalist began the quest for
                  | the Orb.
     0 | D:1      | Reached XP level 1. HP: 10/10 MP: 6/6
   209 | D:1      | Reached XP level 2. HP: 15/15 MP: 8/8
   213 | D:1      | Learned a level 2 spell: Throw Flame
   798 | D:1      | Reached XP level 3. HP: 17/19 MP: 8/10
  1364 | D:2      | Learned a level 3 spell: Conjure Flame
  1537 | D:2      | Reached XP level 4. HP: 16/24 MP: 4/11
  1721 | D:2      | Found a radiant altar of Vehumet.
  1730 | D:2      | Became a worshipper of Vehumet
  2108 | D:2      | Noticed Terence
  2241 | D:2      | Killed Terence
  2247 | D:2      | Learned a level 4 spell: Sticky Flame
  2646 | D:3      | Found a glowing drain.
  2647 | D:3      | Reached XP level 5. HP: 28/28 MP: 13/13
  2766 | Sewer    | Entered a sewer
  2842 | Sewer    | Reached * piety under Vehumet
  2842 | Sewer    | Offered knowledge of Sandblast by Vehumet.
  3223 | D:3      | Reached XP level 6. HP: 32/32 MP: 15/15
  3247 | D:3      | Reached skill level 5 in Spellcasting
  4128 | D:4      | Reached ** piety under Vehumet
  4128 | D:4      | Offered knowledge of Magic Dart by Vehumet.
  4128 | D:4      | Reached skill level 5 in Fire Magic
  4280 | D:4      | Reached skill level 5 in Dodging
  4280 | D:4      | Reached XP level 7. HP: 36/36 MP: 17/17
  4962 | D:4      | Found a white marble altar of Elyvilon.
  5195 | D:5      | Entered Level 5 of the Dungeon
  5239 | D:5      | Found a sparkling altar of Nemelex Xobeh.
  5248 | D:5      | Learned a level 3 spell: Inner Flame
  5254 | D:5      | Learned a level 5 spell: Fireball
  5279 | D:5      | Reached skill level 5 in Conjurations
  5382 | D:5      | Offered knowledge of Ignite Poison by Vehumet.
  5382 | D:5      | Reached XP level 8. HP: 24/41 MP: 18/20
  5583 | D:5      | Learned a level 3 spell: Ignite Poison
  5625 | D:5      | Found a basalt altar of Yredelemnul.
  5710 | D:5      | Reached *** piety under Vehumet
  5843 | D:6      | Reached skill level 1 in Transmutations
  5843 | D:6      | Reached skill level 1 in Poison Magic
  6287 | D:6      | Offered knowledge of Dazzling Spray by Vehumet.
  6311 | D:6      | Reached XP level 9. HP: 45/45 MP: 22/22
  6312 | D:6      | Found a sacrificial altar of Ru.
  6877 | D:7      | Found a shattered altar of Ashenzari.
  7031 | D:7      | Found a staircase to the Ecumenical Temple.
  7037 | Temple   | Entered the Ecumenical Temple
  7432 | D:7      | Learned a level 3 spell: Gell's Gravitas
  7476 | D:8      | Reached skill level 1 in Hexes
  7476 | D:8      | Reached skill level 1 in Translocations
  7586 | D:8      | Found Foodaeq's Elemental Accessories.
  7604 | D:8      | Bought a cursed staff of fire for 275 gold pieces
  7712 | D:8      | Got a vibrating platinum ring
  7713 | D:8      | Identified the ring "Qupsiucaurgh" {Wiz Str+5 Int+2 Stlth-}
                  | (You found it on level 8 of the Dungeon)
  7730 | D:8      | Identified the Incunabulum of Evil Magic and Stones
  7815 | D:8      | Reached skill level 1 in Evocations
  8015 | D:9      | Reached XP level 10. HP: 50/50 MP: 22/24
  8198 | D:9      | Noticed an unseen horror
  8201 | D:9      | Killed an unseen horror
  8212 | D:9      | Learned a level 3 spell: Mephitic Cloud
  8262 | D:9      | Reached **** piety under Vehumet
  8570 | D:9      | Offered knowledge of Force Lance by Vehumet.
  8598 | D:9      | Found an ornate altar of the Wu Jian Council.
  8615 | D:9      | Noticed a cyclops
  8625 | D:9      | Killed a cyclops
  8625 | D:9      | Reached skill level 1 in Air Magic
  8886 | D:10     | Entered Level 10 of the Dungeon
  8949 | D:10     | Noticed Fannar
  9139 | D:10     | Found Paycagov's Assorted Antiques.
  9141 | D:10     | Noticed a two-headed ogre
  9148 | D:10     | Killed a two-headed ogre
  9167 | D:10     | Found Baoledeg's Book Shoppe.
  9460 | D:10     | Found a staircase to the Lair.
  9580 | Lair:1   | Entered Level 1 of the Lair of Beasts
  9980 | Lair:1   | Reached XP level 11. HP: 54/54 MP: 26/26
 10452 | Lair:2   | Reached skill level 10 in Spellcasting
 10920 | Lair:1   | Reached skill level 5 in Evocations
 11037 | Lair:2   | Reached ***** piety under Vehumet
 11037 | Lair:2   | Offered knowledge of Freezing Cloud by Vehumet.
 11131 | Lair:2   | You fall into a shaft and drop 2 floors!
 11131 | Lair:4   | Found a staircase to the Swamp.
 11131 | Lair:4   | Noticed Snorg
 11156 | Lair:4   | Killed Snorg
 11467 | Lair:3   | Reached skill level 10 in Dodging
 11600 | Lair:3   | Noticed a death yak
 12446 | Lair:3   | Reached XP level 12. HP: 59/59 MP: 22/29
 12462 | Lair:3   | Noticed a death yak
 12462 | Lair:3   | Noticed a death yak
 12462 | Lair:3   | Noticed a death yak
 12463 | Lair:3   | Noticed a death yak
 12465 | Lair:3   | Noticed a death yak
 12642 | Lair:3   | Killed a death yak
 12642 | Lair:3   | Reached skill level 10 in Fire Magic
 12644 | Lair:3   | Killed a death yak
 12658 | Lair:2   | Killed a death yak
 13027 | Lair:3   | Reached skill level 10 in Conjurations
 13448 | Lair:3   | Killed a death yak
 13449 | Lair:3   | Killed a death yak
 13453 | Lair:3   | Killed a death yak
 13999 | Lair:4   | Found a hole to the Spider Nest.
 14407 | Lair:4   | Learned a level 6 spell: Freezing Cloud
 14927 | Lair:5   | Reached skill level 1 in Ice Magic
 15087 | Lair:5   | Noticed a death yak
 15088 | Lair:5   | Noticed a death yak
 15088 | Lair:5   | Noticed a death yak
 15090 | Lair:5   | Noticed a death yak
 15090 | Lair:5   | Noticed a death yak
 15093 | Lair:5   | Noticed an eight-headed hydra
 15098 | Lair:5   | Killed a death yak
 15113 | Lair:5   | Killed a death yak
 15121 | Lair:4   | Killed a death yak
 15304 | Lair:4   | Killed a death yak
 15493 | Lair:5   | Killed a death yak
 15807 | Lair:5   | Got a scorched dagger
 15808 | Lair:5   | Identified the cursed +1 dagger of Juoqyone {flame, rF+}
                  | (You found it on level 5 of the Lair of Beasts)
 15953 | Lair:5   | Noticed a death yak
 15953 | Lair:5   | Noticed a death yak
 15953 | Lair:5   | Noticed a death yak
 15956 | Lair:5   | Noticed a death yak
 15967 | Lair:5   | Killed a death yak
 15967 | Lair:5   | Reached XP level 13. HP: 63/63 MP: 8/31
 17223 | Lair:6   | Entered Level 6 of the Lair of Beasts
 19118 | Lair:6   | Offered knowledge of Fulminant Prism by Vehumet.
 19271 | Lair:6   | Learned a level 4 spell: Fulminant Prism
 19289 | Lair:6   | Found a viscous altar of Jiyva.
 19289 | Lair:6   | Found a staircase to the Slime Pits.
 19867 | Lair:6   | Reached XP level 14. HP: 66/68 MP: 26/34
 20681 | Lair:6   | Got a scorched brass amulet
 20690 | Lair:6   | Identified the amulet of Xom's Passing Interest {rF+ MR-
                  | Regen+ Str+3 Int+4} (You found it on level 6 of the Lair of
                  | Beasts)
 20845 | Lair:1   | Killed Fannar
 21166 | D:10     | Found Oleicyda's Magic Scroll Shop.
 21171 | D:10     | Found Vorr's Magic Scroll Shop.
 21174 | D:10     | Bought a scroll of identify for 28 gold pieces
 21174 | D:10     | Bought a scroll of identify for 28 gold pieces
 21174 | D:10     | Bought a scroll of blinking for 105 gold pieces
 21174 | D:10     | Bought a scroll of identify for 28 gold pieces
 21174 | D:10     | Bought a scroll of magic mapping for 49 gold pieces
 21174 | D:10     | Bought a scroll of identify for 28 gold pieces
 21174 | D:10     | Bought a scroll of identify for 28 gold pieces
 21896 | D:11     | Noticed Nergalle
 21903 | D:11     | Killed Nergalle
 22643 | D:11     | Found a sparkling altar of Nemelex Xobeh.
 23395 | D:12     | Reached skill level 15 in Spellcasting
 23673 | D:12     | Found a staircase to the Orcish Mines.
 23996 | Orc:1    | Entered Level 1 of the Orcish Mines
 25119 | Orc:1    | Found a roughly hewn altar of Beogh.
 25133 | Orc:1    | Noticed Urug
 25162 | Orc:1    | Killed Urug
 25310 | Orc:1    | Found Locwiecs's Jewellery Boutique.
 25317 | Orc:1    | Bought an uncursed amulet of magic regeneration for 390
                  | gold pieces
 25330 | Orc:1    | Learned a level 8 spell: Ignition
 25454 | Orc:2    | Entered Level 2 of the Orcish Mines
 25500 | Orc:2    | Found a staircase to the Elven Halls.
 25735 | Orc:2    | Offered knowledge of Iskenderun's Battlesphere by Vehumet.
 25758 | Orc:2    | Noticed an orc warlord
 25804 | Orc:1    | Killed an orc warlord
 25933 | Orc:2    | Found a runed translucent door.
 25944 | Orc:2    | Noticed dorpapst's ghost (journeyman MiBe)
 25982 | Orc:2    | Noticed a stone giant
 26192 | Orc:2    | Found Meergheyt's Distillery.
 26359 | Orc:2    | Noticed Sonja
 26362 | Orc:2    | Killed Sonja
 26382 | Orc:2    | Reached XP level 15. HP: 70/72 MP: 22/36
 26805 | Orc:2    | Found Noekhi Bole's Armour Emporium.
 26805 | Orc:2    | Found Foakiria's Antique Armour Emporium.
 26806 | Orc:2    | Found Gaihugarr's Gadget Shop.
 26806 | Orc:2    | Found Udwarghe's Jewellery Shop.
 26831 | Orc:2    | Bought a +0 pair of boots of flying for 172 gold pieces
 26852 | Orc:2    | Bought the ring of Aryak {+Inv MP+9 Dex+2 Stlth+} for 574
                  | gold pieces
 26857 | Orc:2    | Bought a transparent robe for 182 gold pieces
 26857 | Orc:2    | Identified the +2 robe of Integrity {Str+5} (You bought it
                  | in a shop on level 2 of the Orcish Mines)
 27333 | D:13     | Found a frozen archway.
 27342 | IceCv    | Entered an ice cave
 27653 | IceCv    | Reached ****** piety under Vehumet
 27827 | IceCv    | Got a dazzling cloak
 27835 | IceCv    | Identified the +4 cloak of the Ninety-Nine Orbs {rPois rN+
                  | Int+3} (You found it in an ice cave)
 27962 | D:13     | Offered knowledge of Lightning Bolt by Vehumet.
 28061 | D:13     | Found a gate to the Vaults.
 28319 | D:13     | Reached skill level 15 in Dodging
 28592 | D:13     | Found Nanel's Gadget Shop.
 28990 | D:14     | Noticed Louise
 28995 | D:14     | Found a shadowy altar of Dithmenos.
 29000 | D:14     | Killed Louise
 29766 | D:14     | Offered knowledge of Iron Shot by Vehumet.
 29821 | D:15     | Entered Level 15 of the Dungeon
 30016 | D:15     | Found Gaedeg's Weapon Emporium.
 30039 | D:15     | Reached skill level 1 in Shields
 30555 | D:15     | Found Gaisooca's Distillery.
 30683 | D:15     | Found an iron altar of Okawaru.
 30885 | D:15     | Found a staircase to the Depths.
 31123 | D:15     | Found Jeitasang's Food Emporium.
 31354 | Spider:1 | Entered Level 1 of the Spider Nest
 31553 | Spider:1 | Reached XP level 16. HP: 68/76 MP: 37/38
 33219 | Spider:2 | Offered knowledge of Ozocubu's Refrigeration by Vehumet.
 35014 | Spider:4 | Entered Level 4 of the Spider Nest
 35023 | Spider:4 | Reached skill level 15 in Fire Magic
 35614 | Spider:4 | Offered knowledge of Orb of Destruction by Vehumet.
 35624 | Spider:4 | Reached skill level 15 in Conjurations
 35830 | Spider:4 | Found a transporter.
 35834 | Spider:4 | Noticed Azxain's ghost (adept TrWr)
 35871 | Spider:4 | Found a transporter.
 36047 | Spider:4 | Reached XP level 17. HP: 80/80 MP: 37/40
 36207 | Spider:4 | Got a gossamer rune of Zot
 36348 | Swamp:1  | Entered Level 1 of the Swamp
 36371 | Swamp:1  | Reached skill level 10 in Evocations
 37475 | Swamp:2  | Found an iron altar of Okawaru.
 37484 | Swamp:2  | Offered knowledge of Fire Storm by Vehumet.
 37484 | Swamp:2  | Offered knowledge of Shatter by Vehumet.
 37484 | Swamp:2  | Offered knowledge of Chain Lightning by Vehumet.
 37496 | Swamp:2  | Learned a level 9 spell: Fire Storm
 37740 | Swamp:2  | Got an ancient cloak
 37743 | Swamp:2  | Identified the cursed +0 cloak "Agrixkuc" {rF- rN+ rCorr
                  | Dex+4} (You found it on level 2 of the Swamp)
 37754 | Swamp:2  | Reached XP level 18. HP: 85/85 MP: 42/42
 38032 | Swamp:3  | Noticed a tentacled monstrosity
 38983 | Swamp:3  | Killed a tentacled monstrosity
 39415 | Swamp:4  | Entered Level 4 of the Swamp
 40015 | Swamp:4  | Reached XP level 19. HP: 89/89 MP: 44/44
 40351 | Swamp:4  | Got a decaying rune of Zot
 40709 | Elf:1    | Entered Level 1 of the Elven Halls
 40764 | Elf:1    | Noticed Kirke
 40780 | Elf:1    | Killed Kirke
 41525 | Elf:1    | Found Cippioc's Antique Armour Boutique.
 41568 | Elf:1    | Bought an ancient helmet for 304 gold pieces
 41568 | Elf:1    | Identified the cursed -2 helmet of Liduf {+Fly rC- Int-2
                  | Dex+5} (You bought it in a shop on level 1 of the Elven
                  | Halls)
 42354 | Elf:2    | Found a runed translucent gate.
 42354 | Elf:2    | Found a runed translucent gate.
 42355 | Elf:2    | Found a runed translucent gate.
 42435 | Elf:2    | Found Ocwocwef's General Store.
 43057 | D:8      | Bought a wand of digging (7) for 242 gold pieces
 44571 | Vaults:1 | Entered Level 1 of the Vaults
 44977 | Vaults:1 | Found Hownacs's Gadget Emporium.
 45279 | Vaults:1 | Reached XP level 20. HP: 94/94 MP: 27/46
 47610 | Vaults:2 | Found Ruadweze's Gadget Shoppe.
 47742 | Vaults:2 | Reached skill level 1 in Fighting
 50227 | Vaults:3 | Found Ibbem's Weapon Boutique.
 50519 | Vaults:3 | Found Wafryjea's General Store.
 50598 | Vaults:3 | Found a staircase to the Crypt.
 50727 | Vaults:3 | Found Qideos's Magic Scroll Shop.
 50733 | Vaults:3 | Found Hohumar's Gadget Emporium.
 50735 | Vaults:3 | Bought a scroll of acquirement for 988 gold pieces
 50736 | Vaults:3 | Got a pair of scorched gloves
 50737 | Vaults:3 | Identified the +2 pair of gloves of the Gate {Int+4} (You
                  | acquired it on level 3 of the Vaults)
 50799 | Vaults:3 | Reached XP level 21. HP: 107/107 MP: 38/48
 51052 | Vaults:3 | Found Need's Antique Weapon Emporium.
 52600 | Vaults:4 | Reached skill level 5 in Fighting
 53308 | Elf:2    | Learned a level 4 spell: Passage of Golubria
 53371 | Elf:3    | Entered Level 3 of the Elven Halls
 54660 | Elf:3    | Got an ichor-stained helmet
 54691 | Elf:3    | Identified the +1 helmet of Honour {rF+ Int+2 Stlth+} (You
                  | found it on level 3 of the Elven Halls)
 54751 | Elf:3    | Identified the +4 double sword of Conscience {protect, rN+
                  | Int+2 Dex-4}
 54766 | Elf:3    | Identified the cursed +1 mace "Beast's Nightmare" {chaos,
                  | Int+7}
 54768 | Elf:3    | Reached XP level 22. HP: 119/119 MP: 46/50
 54797 | Elf:3    | Identified the Collected Works on Helpful Arcane Weapons
 54821 | Elf:3    | Identified Sophisticated Sorcery
 54840 | Elf:3    | Found the +7 great mace "Undeadhunter" {disrupt, rN+}
 54856 | Elf:3    | Got a crude granite ring
 54857 | Elf:3    | Identified the ring of Xom's Malicious Joy {rPois rC+
                  | Dex+4} (You found it on level 3 of the Elven Halls)
 54863 | Elf:3    | Got a tattered robe
 54864 | Elf:3    | Identified the cursed +0 robe of the Commoners {rF++ Str+2
                  | SInv Stlth+} (You found it on level 3 of the Elven Halls)
 54868 | Elf:3    | Got a pitted brass ring
 54869 | Elf:3    | Identified the ring of Zivos {rN+++ MR+ Int-2 Dex-3 SInv}
                  | (You found it on level 3 of the Elven Halls)
 55904 | Slime:1  | Entered Level 1 of the Pits of Slime
 56442 | Depths:1 | Entered Level 1 of the Depths
 56630 | D:10     | Bought a book of Power for 540 gold pieces
 56637 | D:10     | Learned a level 6 spell: Iron Shot
 57757 | Depths:1 | Found a gateway to Hell.
 58438 | Depths:2 | Found a one-way gate leading to the halls of Pandemonium.
 59613 | Depths:2 | Identified the +9 halberd "Doadgh" {flame, rN+ Dex+4}
 59613 | Depths:2 | Identified the amulet of Incredulity {Reflect *Drain +Blink
                  | rPois Str-5 SH+4}
 59616 | Depths:2 | Noticed Mara
 59626 | Depths:2 | Noticed Arixos's illusion
 59632 | Depths:2 | Killed Mara
 59632 | Depths:2 | Reached skill level 1 in Earth Magic
 59870 | Depths:2 | Found the +3 robe of Folly {Archmagi, MR-- Int+5}
 60740 | Depths:3 | Reached XP level 23. HP: 127/127 MP: 26/52
 60963 | Depths:3 | Learned a level 7 spell: Spellforged Servitor
 60987 | Depths:3 | Found a gateway to a ziggurat.
 61496 | Depths:3 | Reached skill level 1 in Summonings
 61996 | D:10     | Bought a scroll of identify for 22 gold pieces
 61996 | D:10     | Bought a scroll of identify for 22 gold pieces
 61996 | D:10     | Bought a scroll of identify for 22 gold pieces
 61996 | D:10     | Bought a scroll of identify for 22 gold pieces
 62865 | Depths:4 | You are sucked into a shaft and drop 1 floor!
 62865 | Depths:5 | Entered Level 5 of the Depths
 63217 | Depths:4 | You are sucked into a shaft and drop 1 floor!
 63903 | Depths:4 | Noticed a caustic shrike
 63907 | Depths:4 | Killed a caustic shrike
 64012 | Depths:4 | Reached skill level 10 in Fighting
 64013 | Depths:4 | Identified the +8 quarterstaff of Riroga {drain, rElec
                  | rPois Str-2}
 64280 | Depths:4 | Found a one-way gate to the infinite horrors of the Abyss.
 65302 | Depths:5 | Reached XP level 24. HP: 137/137 MP: 38/53
 65891 | Depths:5 | Found a gate to the Realm of Zot.
 65893 | Depths:5 | Upgraded the game from 0.25-a0-41-g6cf4ce537d to
                  | 0.25-a0-42-g6c54e25894
 66212 | Orc:2    | Killed dorpapst's ghost
 66536 | Spider:4 | Killed Azxain's ghost
 66625 | Spider:4 | Got a pair of translucent gloves
 66626 | Spider:4 | Identified the +1 pair of gloves "Qeposch" {rPois Int+3}
                  | (You found it on level 4 of the Spider Nest)
 67072 | Vaults:5 | Entered Level 5 of the Vaults
 67182 | Vaults:5 | Noticed an ancient lich
 67292 | Vaults:4 | Killed an ancient lich
 67578 | Vaults:5 | Noticed an ancient lich
 67734 | Vaults:4 | Killed an ancient lich
 67832 | Vaults:5 | Noticed Frederick
 67940 | Vaults:4 | Killed Frederick
 68997 | Vaults:5 | Noticed an ancient lich
 69001 | Vaults:5 | Killed an ancient lich
 69345 | Vaults:4 | Reached XP level 25. HP: 118/141 MP: 44/55
 69959 | Vaults:5 | Identified Sif Muna's Incunabulum of Warped Evil Rites
 69961 | Vaults:5 | Identified the Reference Book on Frigorific Confrontation
 69965 | Vaults:5 | Got a silver rune of Zot
 70069 | Vaults:5 | Found the macabre finger necklace {rN+}
 70577 | Vaults:5 | Learned a level 7 spell: Orb of Destruction
 70668 | Crypt:1  | Entered Level 1 of the Crypt
 72215 | Crypt:2  | Reached skill level 27 in Spellcasting
 72223 | Crypt:2  | Noticed Xtahua
 72225 | Crypt:2  | Killed Xtahua
 72502 | Crypt:2  | Noticed Khufu
 72506 | Crypt:2  | Noticed a greater mummy
 72508 | Crypt:2  | Killed Khufu
 72508 | Crypt:2  | Reached skill level 27 in Dodging
 72605 | Crypt:2  | Killed a greater mummy
 73214 | Crypt:2  | Identified the +1 shield of Inquiry {rC- MR+ Regen+ Stlth+}
 73214 | Crypt:2  | Noticed Donald
 73217 | Crypt:2  | Killed Donald
 73516 | Crypt:3  | Entered Level 3 of the Crypt
 74721 | Crypt:3  | Found a basalt altar of Yredelemnul.
 74749 | Crypt:3  | Found an ancient bone altar of Kikubaaqudgha.
 74777 | Crypt:3  | Identified the Handbook of Unholy Arts
 74821 | Crypt:3  | Learned a level 5 spell: Borgnjor's Vile Clutch
 74823 | Crypt:3  | Found the +3 salamander hide armour {+Rage rF++}
 74835 | Crypt:3  | Got a translucent iron ring
 74836 | Crypt:3  | Identified the ring of the Bull {*Drain rN+++ MP-9 EV+3
                  | Stlth+} (You found it on level 3 of the Crypt)
 74987 | Crypt:3  | Reached skill level 1 in Necromancy
 75124 | Crypt:3  | Reached XP level 26. HP: 156/156 MP: 48/56
 75249 | Crypt:3  | Found a staircase to the Tomb.
 75451 | Tomb:1   | Entered Level 1 of the Tomb of the Ancients
 76180 | Tomb:1   | Noticed a greater mummy
 76182 | Tomb:1   | Noticed a greater mummy
 76186 | Tomb:1   | Killed a greater mummy
 76207 | Tomb:1   | Killed a greater mummy
 76598 | Tomb:1   | Reached skill level 15 in Fighting
 76791 | Tomb:1   | Noticed a greater mummy
 76797 | Tomb:1   | Killed a greater mummy
 77623 | Tomb:2   | Noticed a greater mummy
 77623 | Tomb:2   | Noticed a greater mummy
 77623 | Tomb:2   | Noticed a greater mummy
 77624 | Tomb:2   | Noticed a greater mummy
 77629 | Tomb:2   | Killed a greater mummy
 77632 | Tomb:2   | Killed a greater mummy
 77634 | Tomb:2   | Killed a greater mummy
 77641 | Tomb:2   | Killed a greater mummy
 77695 | Tomb:2   | Killed by a mummy priest's death curse

Levels and vault maps discovered:
D:1:      mushboom_english_gardens, layout_loops_ring, minmay_worlds_worst_comb
D:2:      layout_basic, fiery_altar_vehumet, uniq_terence
D:3:      layout_basic, nicolae_overflow_hidden_temple, gup_sewer_entry_pipe,
          roderic_malta_cross
D:4:      cheibrodos_barr_body, layout_basic, elyvilon_altar_4, minivault_19
D:5:      layout_rooms, nicolae_overflow_crystal_walls, lemuel_round_altar,
          first_ration, kennysheep_generic_room_7
D:6:      layout_basic, lemuel_doored_altar
D:7:      layout_loops_ring, kennysheep_mini,
          minmay_temple_entry_enclosed_plants, the_bakery
D:8:      layout_basic, nicolae_elemental_shop
D:9:      layout_rooms, kennysheep_mini_moat
D:10:     layout_loops_corners, erik_lair_orcish_takeover, serial_shops, shop,
          shop, shop, shop, uniq_fannar
D:11:     layout_layer_cave, grunt_decor_cap, nemelex_diamond_rough_becter,
          uniq_nergalle
D:12:     layout_cave_pools, david_orc_4
D:13:     layout_roguey, grunt_vaults_entry_tiered, gauntlet_entry_generic,
          portal_ice_cave_demonic_guard, serial_shops, shop_statue
D:14:     layout_loops_ring, grunt_dithmenos_smoke_and_mirrors,
          minmay_variable_closet, patterned_corridor, uniq_louise
D:15:     grunt_enter_depths_snipers, layout_stronghold, serial_shops, shop,
          shop, shop, basic_altar, serial_bayou_shore_a
Temple:   jpeg_temple_clearing
Lair:1:   layout_regular_city, serial_bayou_lagoon_a
Lair:2:   layout_cave_shapes, grunt_megastairs_1
Lair:3:   layout_layer_cave, serial_bayou_shore_b, grunt_megastairs_3
Lair:4:   layout_cave_shapes, swamp_mist, nicolae_spider_entry_non_spiders,
          uniq_snorg
Lair:5:   layout_cave_pods, grunt_megastairs_4
Lair:6:   due_jungle_book, layout_regular_city, slime_altar_1, serial_bayou,
          serial_bayou_lake_a, serial_bayou_pond_c, serial_bayou_pond_e,
          serial_bayou_pond_b
Swamp:1:  layout_falls_marsh, serial_swamp_ruin, evilmike_swamp_ruin_house_2,
          evilmike_swamp_ruin_wall
Swamp:2:  layout_basic_swamp, lemuel_altar_in_water,
          nicolae_swamp_feature_on_the_river_bank
Swamp:3:  layout_falls_marsh, evilmike_swamp_ruin_house_1, swamp_pool1,
          hangedman_swamp_ravenous
Swamp:4:  swamp, layout_basic_swamp, swamp_pool4, roderic_carrion_pond
Spider:1: layout_chambers
Spider:2: layout_spider_delve
Spider:3: layout_chambers
Spider:4: spider_rune_water, gammafunk_ghost_berserking_beasts
Slime:1:  layout_caves
Orc:1:    layout_caves, basic_altar, guppyfry_orc_lava_fort, uniq_urug
Orc:2:    st_orc_elflike, layout_caves, serial_shops, nicolae_shop_stone,
          ebering_ghost_inner_flame, minmay_orc_barracks, uniq_sonja
Elf:1:    layout_rooms, serial_shops, shop, evilmike_minifort, uniq_kirke
Elf:2:    layout_geoelf_octagon, serial_shops, shop
Elf:3:    minmay_elf_hall_hex, layout_geoelf_grid
Vaults:1: ontoclasm_vaults_gateway, nicolae_vaults_shelves_hall,
          ontoclasm_vaults_ring_large, vaults_standard_mumra_enter_the_diamond,
          ontoclasm_vaults_fault, hangedman_vaults_corner_blocks, v_misc_29,
          ontoclasm_vaults_pinch, v_alt_pattern_2, vaults_standard_mumra_lines,
          v_pattern_2, ontoclasm_vaults_ligature,
          vaults_room_grunt_arrival_ludios, grunt_vaults_hallway_long,
          layout_vaults_omnicross, serial_shops, shop
Vaults:2: v_rooms_5, v_pattern_4, hangedman_vaults_impose,
          ontoclasm_vaults_ring_square, hangedman_vaults_stagger, st_lattice,
          ontoclasm_vaults_chip, layout_vaults_big_room, serial_shops,
          nicolae_shop_stone
Vaults:3: special_room_vaults [special_room_orc], grunt_vaults_focal,
          hangedman_vaults_river_flow, minmay_crypt_entry_simple_plaza,
          nicolae_vaults_angled_halls, grunt_vaults_hallway_long,
          ontoclasm_vaults_misaligned, ontoclasm_vaults_ring_small,
          v_alt_pattern_2, ontoclasm_vaults_twist,
          nicolae_vaults_sealed_display, nicolae_vaults_angled_halls,
          nicolae_vaults_little_squares_2, layout_vaults_maze_snakey,
          serial_shops, shop, shop, shop, shop, shop
Vaults:4: v_misc_31, ontoclasm_vaults_ring_large, nicolae_vaults_asterisk,
          vaults_room_semicircle, layout_vaults_omnigrid
Vaults:5: serial_shops, uniq_frederick
Crypt:1:  layout_chaotic_city, hangedman_weighted_door, grunt_ministairs_10,
          library_closet, grunt_crypt_arrival_split
Crypt:2:  layout_basic, uniq_khufu, uniq_xtahua, uniq_donald
Crypt:3:  lightli_unholy_cathedral, layout_chaotic_city,
          nicolae_tomb_entry_grand_gallery, minmay_misc_feat_pillars
Tomb:1:   uniq_sojobo
Tomb:2
Depths:1: layout_gridlike, grunt_hell_entry_demonic_statue, grunt_ministairs_14,
          lightli_minifort, serial_bayou_shore_b, roderic_lattice_octagonal_star
Depths:2: minmay_nine_rooms, layout_cave_pools, minmay_hedge_maze, pan_entry,
          pf_hell_entry_tar_river, serial_rivers,
          chequers_serial_rivers_small_3, chequers_serial_rivers_micro_e,
          chequers_serial_rivers_room_b, chequers_serial_rivers_small_3,
          chequers_serial_rivers_marsh, chequers_serial_rivers_micro_c,
          grunt_ministairs_15, hangedman_abyss_or_decor_slice, uniq_mara
Depths:3: minmay_the_grid_four_pointed_star_mashed
          [minmay_the_grid_triangle_9x9_cache,
          minmay_the_grid_triangle_9x9_wacky_v,
          minmay_the_grid_triangle_9x9_corrupted_corridor,
          minmay_the_grid_triangle_9x9_sprig,
          minmay_the_grid_prize_diamond_cup], layout_gridlike, enter_ziggurat_d,
          rand_demon_pan_entry_3, hell_entry, firewood_loft,
          minmay_staircase_bubble
Depths:4: minmay_expanding_squares, layout_cross, hell_entry,
          abyss_entry_small_statue_room, minmay_tree_intersection
Depths:5: grunt_zot_entry_gee_three, layout_honeycomb, grunt_hell_entry_dis_mu,
          serial_bayou_shore_b

Skill      XL: |  1  2  3  4  5  6  7  8  9 10 11 12 13 14 15 16 17 18 19 20 21 22 23 24 25 26 |
---------------+-------------------------------------------------------------------------------+-----
Dodging        | 3 4 5 6 7 8 9 10 11 13 14 15 16 17 18 19 20 22 24 26 27 | 27.0
Conjurations   | 2 3 4 5 6 7 8 9 10 12 13 14 15 16 17 18 19 20 | 20.0
Spellcasting   | 4 5 6 7 8 9 11 12 14 15 16 17 18 19 20 21 22 23 24 26 27 | 27.0
Fire Magic     | 4 5 6 7 8 9 11 12 13 14 15 16 17 18 19 20 | 20.0
Transmutations | 2 4 |  4.0
Poison Magic   | 2 4 |  4.0
Hexes          | 2 4 |  4.0
Translocations | 2 4 |  4.0
Evocations     | 1 3 5 8 9 10 | 10.0
Air Magic      | 2 4 |  4.0
Ice Magic      | 3 4 |  4.0
Shields        | 1 4 |  4.0
Fighting       | 3 6 8 10 13 16 | 16.6
Earth Magic    | 2 4 |  4.0
Summonings     | 4 |  4.0
Necromancy     | 1 4 |  4.1
Stealth        | |  2.4

Action                   |  1- 3 |  4- 6 |  7- 9 | 10-12 | 13-15 | 16-18 | 19-21 | 22-24 | 25-27 || total
-------------------------+-------+-------+-------+-------+-------+-------+-------+-------+-------++-------
Melee: Dagger            |     2 |       |       |       |       |       |       |       |       ||     2
       Staff             |       |       |       |    23 |   128 |    70 |    55 |    12 |     6 ||   294
 Cast: Flame Tongue      |    15 |    55 |   129 |   281 |   498 |   100 |    88 |    10 |       ||  1176
       Throw Flame       |    58 |   104 |    90 |    37 |    51 |     9 |    30 |     1 |       ||   380
       Conjure Flame     |       |    16 |    19 |    26 |    83 |    18 |    16 |       |       ||   178
       Sticky Flame      |       |     1 |    17 |    82 |   176 |    93 |    72 |    21 |     3 ||   465
       Inner Flame       |       |       |     6 |    25 |    20 |     1 |     6 |     4 |     1 ||    63
       Fireball          |       |       |     2 |     8 |    69 |   263 |   351 |   285 |   171 ||  1149
       Mephitic Cloud    |       |       |       |    54 |   112 |    59 |    45 |     7 |     1 ||   278
       Ignite Poison     |       |       |       |    17 |    55 |    29 |    28 |     4 |     1 ||   134
       Freezing Cloud    |       |       |       |     2 |    24 |     1 |     4 |    19 |     2 ||    52
       Fulminant Prism   |       |       |       |       |   119 |    26 |    67 |    15 |    12 ||   239
       Gell's Gravitas   |       |       |       |       |     1 |       |       |       |       ||     1
       Ignition          |       |       |       |       |    14 |    19 |    45 |    33 |    20 ||   131
       Fire Storm        |       |       |       |       |       |     1 |    21 |    23 |    14 ||    59
       Passage of Golubr |       |       |       |       |       |       |     5 |    19 |    15 ||    39
       Iron Shot         |       |       |       |       |       |       |       |   231 |   222 ||   453
       Spellforged Servi |       |       |       |       |       |       |       |     9 |     6 ||    15
       Orb of Destructio |       |       |       |       |       |       |       |       |    26 ||    26
       Borgnjor's Vile C |       |       |       |       |       |       |       |       |     1 ||     1
 Abil: Stop Flying       |       |       |       |       |       |       |       |     2 |       ||     2
       Evoke Flight      |       |       |       |       |       |       |       |     1 |     1 ||     2
Evoke: Wand              |       |       |     2 |     2 |       |     6 |     1 |     9 |       ||    20
       Sack of spiders   |       |       |       |       |     1 |       |       |       |       ||     1
       Crystal ball of e |       |       |       |       |       |       |       |       |     1 ||     1
  Use: Scroll            |       |     6 |     3 |    12 |    15 |    17 |    17 |    14 |     6 ||    90
       Potion            |       |       |       |     1 |     2 |     3 |       |     8 |     3 ||    17
 Stab: Confused          |       |       |       |       |     4 |     2 |     2 |     1 |       ||     9
       Sleeping          |       |       |       |       |     2 |       |       |       |       ||     2
       Petrified         |       |       |       |       |     2 |       |       |       |       ||     2
  Eat: Chunk             |     4 |    10 |    13 |    20 |    47 |    24 |    34 |    27 |     3 ||   182
       Ration            |       |       |       |     2 |     3 |     2 |     6 |     5 |     7 ||    25
Armor: Robe              |     2 |     2 |     4 |    14 |       |       |       |       |       ||    22
       Troll leather arm |       |       |       |    12 |    91 |   104 |       |       |       ||   207
       Ring mail         |       |       |       |       |       |       |    59 |       |       ||    59
       Acid dragon scale |       |       |       |       |       |       |       |    58 |    29 ||    87
Dodge: Dodged            |    11 |     2 |    26 |    93 |   336 |   332 |   151 |   213 |    40 ||  1204
Block: Buckler           |       |       |       |       |       |    13 |    47 |    44 |    14 ||   118

Table legend:
 A = Non-vault XP
 B = Vault XP
 C = Vault XP percentage of total XP
 D = Non-vault monster count
 E = Vault monster count
 F = Vault count percentage of total count
                 A         B        C        D         E       F
            +---------+---------+-------+---------+---------+-------
      Total |  659968 |  664263 |  50.2 |    1478 |     817 |  35.6
            +---------+---------+-------+---------+---------+-------
        D:1 |      50 |      10 |  16.7 |      23 |       5 |  17.9
        D:2 |      74 |      32 |  30.2 |      19 |       1 |   5.0
        D:3 |     112 |      15 |  11.8 |      22 |       6 |  21.4
        D:4 |     481 |     265 |  35.5 |      21 |       9 |  30.0
        D:5 |     640 |      41 |   6.0 |      14 |       2 |  12.5
        D:6 |     987 |       0 |   0.0 |      20 |       0 |   0.0
        D:7 |     613 |     211 |  25.6 |       8 |       1 |  11.1
        D:8 |    1362 |       0 |   0.0 |      20 |       0 |   0.0
        D:9 |    3091 |       0 |   0.0 |      27 |       0 |   0.0
       D:10 |    1833 |     633 |  25.7 |      16 |       9 |  36.0
       D:11 |    5885 |     820 |  12.2 |      45 |       1 |   2.2
       D:12 |    4941 |    3284 |  39.9 |      19 |      22 |  53.7
       D:13 |    7302 |    6521 |  47.2 |      34 |      27 |  44.3
       D:14 |    6732 |    1667 |  19.8 |      22 |       1 |   4.3
       D:15 |    9724 |    2330 |  19.3 |      27 |       3 |  10.0
     Lair:1 |    1424 |    1167 |  45.0 |       9 |       2 |  18.2
     Lair:2 |    5397 |    1830 |  25.3 |      20 |       7 |  25.9
     Lair:3 |    5949 |    2269 |  27.6 |      24 |       4 |  14.3
     Lair:4 |    3098 |    1600 |  34.1 |       6 |       9 |  60.0
     Lair:5 |   13960 |    1167 |   7.7 |      34 |       2 |   5.6
     Lair:6 |   20126 |    3440 |  14.6 |      48 |       8 |  14.3
    Swamp:1 |    7875 |       0 |   0.0 |      20 |       0 |   0.0
    Swamp:2 |   15819 |       0 |   0.0 |      29 |       0 |   0.0
    Swamp:3 |   18294 |    4157 |  18.5 |      35 |      13 |  27.1
    Swamp:4 |   11989 |   19398 |  61.8 |      34 |      30 |  46.9
   Spider:1 |   14404 |       0 |   0.0 |      35 |       0 |   0.0
   Spider:2 |   12305 |       0 |   0.0 |      33 |       0 |   0.0
   Spider:3 |   10259 |       0 |   0.0 |      34 |       0 |   0.0
   Spider:4 |   16722 |   26656 |  61.5 |      41 |      52 |  55.9
    Slime:1 |    1304 |       0 |   0.0 |       5 |       0 |   0.0
      Orc:1 |    3109 |    5589 |  64.3 |      19 |      15 |  44.1
      Orc:2 |    5949 |   10936 |  64.8 |      37 |      43 |  53.8
      Elf:1 |   12373 |    9692 |  43.9 |      20 |      17 |  45.9
      Elf:2 |   18840 |   20405 |  52.0 |      33 |      27 |  45.0
      Elf:3 |   13841 |   52117 |  79.0 |      21 |      36 |  63.2
   Vaults:1 |   41321 |   25451 |  38.1 |      72 |      41 |  36.3
   Vaults:2 |   12055 |   12106 |  50.1 |      26 |      18 |  40.9
   Vaults:3 |   46877 |   23472 |  33.4 |      80 |      46 |  36.5
   Vaults:4 |   39546 |   57288 |  59.2 |      63 |      25 |  28.4
   Vaults:5 |   11506 |   98041 |  89.5 |      18 |      72 |  80.0
    Crypt:1 |   25458 |    4600 |  15.3 |      42 |       7 |  14.3
    Crypt:2 |   25940 |   20926 |  44.7 |      40 |       6 |  13.0
    Crypt:3 |   24212 |   43835 |  64.4 |      34 |      46 |  57.5
     Tomb:1 |    7584 |   41781 |  84.6 |      28 |      31 |  52.5
     Tomb:2 |    4063 |   31567 |  88.6 |      19 |      22 |  53.7
   Depths:1 |   40985 |   15792 |  27.8 |      53 |      33 |  38.4
   Depths:2 |   27766 |   35910 |  56.4 |      40 |      30 |  42.9
   Depths:3 |   15566 |   13050 |  45.6 |      17 |      12 |  41.4
   Depths:4 |   44598 |   34014 |  43.3 |      43 |      20 |  31.7
   Depths:5 |   35627 |   25024 |  41.3 |      29 |      18 |  38.3
      Sewer |       0 |     164 | 100.0 |       0 |      16 | 100.0
      IceCv |       0 |    4990 | 100.0 |       0 |      22 | 100.0
            +---------+---------+-------+---------+---------+-------
